 Dungeon Crawl Stone Soup version 0.28-a0-1002-gf00fe891ef (webtiles) character file.

Game seed: 17024661951357864173

264 pokeman the Magician (level 5, -4/29 HPs)
             Began as a Deep Elf Hedge Wizard on Dec 6, 2021.
             Slain by a phantom (5 damage)
             ... on level 4 of the Dungeon.
             The game lasted 00:06:04 (3340 turns).

pokeman the Magician (Deep Elf Hedge Wizard)        Turns: 3340, Time: 00:06:05

Health: -4/29      AC:  5    Str:  7    XL:     5   Next: 98%
Magic:  0/16       EV: 13    Int: 21    God:
Gold:   110        SH:  0    Dex: 14    Spells: 6/17 levels left

rFire   . . .      SeeInvis .   d - +0 whip (venom)
rCold   . . .      Faith    .   (no shield)
rNeg    . . .      Spirit   .   b - +0 robe
rPois   +          Reflect  .   f - +2 hat
rElec   .          Harm     .   l - +0 cloak
rCorr   .          Rampage  .   (no gloves)
Will    .....                   (no boots)
Stlth   ++........              (no amulet)
HPRegen 0.09/turn               e - ring of poison resistance
MPRegen 0.15/turn               (no ring)

@: no status effects
A: no striking features
a: no special abilities


You were on level 4 of the Dungeon.
You visited 1 branch of the dungeon, and saw 4 of its levels.

You collected 110 gold pieces.

Inventory:

Hand Weapons
 d - a +0 whip of venom (weapon)
 k - a +3 quarterstaff of chaos
Missiles
 c - 30 bolts
Armour
 b - a +0 robe (worn)
 f - a +2 hat (worn)
 l - a +0 cloak (worn)
Jewellery
 e - a ring of poison resistance (left hand)
Wands
 o - a wand of acid (9)
Scrolls
 h - 5 scrolls of identify {unknown}
 i - 2 scrolls of vulnerability {unknown}
 m - 2 scrolls of holy word {unknown}
 n - 2 scrolls of teleportation {unknown}
Potions
 a - 3 potions of brilliance {unknown}
 g - a potion of curing {unknown}
 j - a potion of flight {unknown}
 p - a potion of heal wounds {unknown}


   Skills:
 - Level 1.1 Fighting
 - Level 1.1 Armour
 - Level 3.2 Dodging
 + Level 2.6 Stealth
 * Level 6.6 Spellcasting
 + Level 3.0 Conjurations
 - Level 1.1 Summonings
 - Level 1.1 Translocations
 - Level 1.0 Fire Magic
 - Level 1.0 Air Magic
 + Level 0.4 Poison Magic


You had 6 spell levels left.
You knew the following spells:

 Your Spells              Type           Power      Damage    Failure   Level
a - Magic Dart            Conj           76%        1d6       2%          1
b - Mephitic Cloud        Conj/Pois/Air  13%        N/A       16%         3
c - Call Imp              Summ           11%        N/A       9%          2
d - Blink                 Tloc           22%        N/A       9%          2
e - Conjure Flame         Conj/Fire      15%        6-21      12%         3

Your spell library contained the following spells:

 Spells                   Type           Power      Damage    Failure   Level
 Slow                     Hex            28%        N/A       9%          1
 Gell's Gravitas          Tloc           11%        N/A       17%         3
 Lesser Beckoning         Tloc           11%        N/A       17%         3
 Teleport Other           Tloc           11%        N/A       17%         3


Dungeon Overview and Level Annotations

Branches:
Dungeon (4/15)
 Temple: D:4-7

Altars:
Fedhas
Nemelex Xobeh

Shops:
D:2 !:*


Message History

Press: ? - help, Shift-Dir - straight line, f/p - phantom
Aim: a phantom (severely damaged, 100% to hit)
The magic dart hits the phantom.
The phantom is severely damaged.
The phantom misses you.
Casting: Magic Dart (safe; 2% risk of failure)
Confirm with . or Enter, or press ? or * to list all spells.
Aiming: Magic Dart (safe; 2% risk of failure)
Press: ? - help, Shift-Dir - straight line, f/p - phantom
Aim: a phantom (severely damaged, 100% to hit)
The magic dart hits the phantom.
The phantom is severely damaged.
The phantom hits you but does no damage.
Casting: Magic Dart (safe; 2% risk of failure)
Confirm with . or Enter, or press ? or * to list all spells.
Aiming: Magic Dart (safe; 2% risk of failure)
Press: ? - help, Shift-Dir - straight line, f/p - phantom
Aim: a phantom (severely damaged, 100% to hit)
The magic dart hits the phantom but does no damage.
The phantom is severely damaged.
The phantom hits you but does no damage.
Casting: Magic Dart (safe; 2% risk of failure)
Confirm with . or Enter, or press ? or * to list all spells.
Aiming: Magic Dart (safe; 2% risk of failure)
Press: ? - help, Shift-Dir - straight line, f/p - phantom
Aim: a phantom (severely damaged, 100% to hit)
The magic dart hits the phantom.
The phantom is almost destroyed.
The phantom hits you!
* * * LOW HITPOINT WARNING * * *
The phantom blinks!
You blink.
Casting: Magic Dart (safe; 2% risk of failure)
Confirm with . or Enter, or press ? or * to list all spells.
Aiming: Magic Dart (safe; 2% risk of failure)
Press: ? - help, Shift-Dir - straight line, f/p - phantom
Aim: a phantom (almost destroyed, 100% to hit)
The magic dart hits the phantom.
The phantom is almost destroyed.
The phantom hits you.
You die...

..........'....+
....[.....######
#######'###
##########'#######
.................#
#########............#
#.........#'#........#
#.........#.#..:.....#
#.........#@#........#
#.........#W#.......##
#........##.##......#
###########..#..§#......#
#............#._§#......#
#............#...#......##
#.....)......##.##........
#.............#.#.........
#############.#.#.#.......


You could see a phantom.

Vanquished Creatures
  A scorpion (D:3)
  2 orc priests (D:2)
  Crazy Yiuf (D:2)
  An orc wizard (D:4)
  2 adders (D:3)
  An adder skeleton (D:4)
  4 dart slugs (D:2)
  7 orcs
  A ball python (D:2)
  7 bats
  5 endoplasms
  A giant cockroach (D:1)
  6 goblins
  4 hobgoblins (D:1)
  4 kobolds
  3 quokkas
  A frilled lizard (D:1)
  4 rats
55 creatures vanquished.

Notes
Turn   | Place    | Note
-------+----------+-------------------------------------------
     0 | D:1      | pokeman the Deep Elf Hedge Wizard began the quest for the
                  | Orb.
     0 | D:1      | Reached XP level 1. HP: 10/10 MP: 7/7
   340 | D:1      | Reached XP level 2. HP: 15/15 MP: 4/9
   691 | D:1      | Reached skill level 5 in Spellcasting
  1135 | D:2      | Found Macus's Distillery.
  1153 | D:2      | Found a sparkling altar of Nemelex Xobeh.
  1163 | D:2      | Reached XP level 3. HP: 20/20 MP: 6/11
  1167 | D:2      | Learned a level 3 spell: Mephitic Cloud
  1170 | D:2      | Learned a level 2 spell: Call Imp
  1173 | D:2      | Learned a level 2 spell: Blink
  1178 | D:2      | Learned a level 3 spell: Conjure Flame
  1473 | D:2      | Found Kibrea Qiam's Book Boutique.
  1627 | D:2      | Found Wuavveo's Assorted Antiques.
  1633 | D:2      | Reached skill level 1 in Fighting
  1633 | D:2      | Reached skill level 1 in Armour
  1633 | D:2      | Reached XP level 4. HP: 17/25 MP: 3/13
  1999 | D:2      | Found a runed translucent door.
  2000 | D:2      | Noticed Crazy Yiuf
  2219 | D:2      | Killed Crazy Yiuf
  2220 | D:2      | Reached skill level 6 in Spellcasting
  2220 | D:2      | Reached skill level 1 in Fire Magic
  2220 | D:2      | Reached XP level 5. HP: 9/29 MP: 5/15
  2828 | D:3      | Reached skill level 1 in Air Magic
  3174 | D:4      | Found a blossoming altar of Fedhas.
  3322 | D:4      | Noticed a phantom
  3339 | D:4      | HP: 1/29 [phantom (8)]
  3340 | D:4      | Slain by a phantom

Illustrated notes

Levels and vault maps discovered:
D:1:      dpeg_arrival_morbid_curiosity, layout_basic
D:2:      layout_rooms, serial_shops, shop_statue,
          nicolae_shop_advertising_works [nicolae_subvault_shop_adworks],
          nicolae_lakefront_shop, basic_altar, uniq_crazy_yiuf_cottage
D:3:      layout_basic
D:4:      layout_basic, mainiacjoe_overflow_surrounded_room, uniq_sigmund

Skill      XL: |  1  2  3  4  5 |
---------------+----------------+-----
Spellcasting   | 5 6 |  6.6
Fighting       | 1 |  1.1
Armour         | 1 |  1.1
Conjurations   | 2 3 |  3.0
Fire Magic     | 1 |  1.0
Dodging        | 3 |  3.2
Air Magic      | 1 |  1.0
Stealth        | |  2.6
Summonings     | |  1.1
Translocations | |  1.1
Poison Magic   | |  0.4

Action                   |  1- 3 |  4- 6 || total
-------------------------+-------+-------++-------
Melee: Whip              |    20 |    16 ||    36
 Cast: Magic Dart        |    70 |    54 ||   124
       Mephitic Cloud    |     1 |     4 ||     5
       Call Imp          |       |     1 ||     1
       Conjure Flame     |       |     1 ||     1
 Stab: Sleeping          |     2 |     4 ||     6
Armor: Robe              |     2 |     6 ||     8
Dodge: Dodged            |    17 |     7 ||    24

Table legend: (Time is in decaauts)
 A = Elapsed time spent in this place.
 B = Non-inter-level travel time spent in this place.
 C = Inter-level travel time spent in this place.
 D = Time resting spent in this place.
 E = Time spent auto-exploring this place.
 F = Levels seen in this place.
 G = Mean time per level.
                   A        B        C        D        E       F      G
               +--------+--------+--------+--------+--------+-----+--------+
         Total |   3342 |   3175 |    167 |    272 |   2506 |   4 |  835.5 |
       Dungeon |   3342 |   3175 |    167 |    272 |   2506 |   4 |  835.5 |
               +--------+--------+--------+--------+--------+-----+--------+

Top non-repeatable levels by time:
     D:1: 1354 daAuts
     D:2: 1127 daAuts
     D:3: 626 daAuts
     D:4: 234 daAuts
